 Dungeon Crawl Stone Soup version 0.23-a0-175-g97aacdb306 (webtiles) character file.

133 PikkenKukken the Skirmisher (level 4, -1/37 HPs)
             Began as a Demonspawn Fighter on Sept 17, 2018.
             Slain by a sky beast (6 damage)
             ... on level 5 of the Dungeon.
             The game lasted 00:01:52 (1318 turns).

PikkenKukken the Skirmisher (Demonspawn Fighter)    Turns: 1318, Time: 00:01:53

Health: -1/37      AC:  8    Str: 17    XL:     4   Next: 93%
Magic:  4/4        EV:  7    Int:  9    God:
Gold:   123        SH:  9    Dex: 13    Spells: 3/3 levels left

rFire    . . .     SeeInvis .   a - +0 long sword
rCold    . . .     Gourm    .   c - +0 shield
rNeg     . . .     Faith    .   b - +0 scale mail
rPois    .         Spirit   .   (no helmet)
rElec    .         Reflect  .   (no cloak)
rCorr    .         Harm     .   (no gloves)
MR       .....                  (no boots)
Stlth    ..........             (no amulet)
HPRegen  0.12/turn              (no ring)
MPRegen  0.09/turn              (no ring)

@: no status effects
A: slimy green scales 1, demonic guardian 1
a: no special abilities


You were on level 5 of the Dungeon.
You were not hungry.

You visited 1 branch of the dungeon, and saw 5 of its levels.

You collected 123 gold pieces.

Inventory:

Hand Weapons
 a - a +0 long sword (weapon)
Armour
 b - a +0 scale mail (worn)
 c - a +0 shield (worn)
Jewellery
 m - an uncursed ring of poison resistance {unknown}
Scrolls
 e - 2 scrolls of remove curse {unknown}
 h - a scroll of enchant armour {unknown}
 i - 2 scrolls of teleportation {unknown}
 j - a scroll of amnesia {unknown}
 k - a scroll of fear {unknown}
 l - 2 scrolls of identify {unknown}
Potions
 d - 2 potions of might
 n - a potion of berserk rage {unknown}
Comestibles
 f - 2 rations
 g - 3 chunks of flesh


   Skills:
 + Level 3.6 Fighting
 * Level 3.2 Long Blades
 + Level 3.3 Armour
 + Level 3.3 Shields


You had 3 spell levels left.
You didn't know any spells.
Your spell library contained the following spells:

 Spells                   Type           Power        Failure   Level  Hunger
 Magic Dart               Conj           #...         99%         1    ##.....
 Blink                    Tloc           N/A          100%        2    ###....
 Call Imp                 Summ           #.......     100%        2    ###....
 Slow                     Hex            #.......     100%        2    ###....
 Conjure Flame            Conj/Fire      #.......     100%        3    ####...
 Mephitic Cloud           Conj/Pois/Air  #.......     100%        3    ####...


Dungeon Overview and Level Annotations

Branches:
Dungeon (5/15)
 Temple: D:4-7

Altars:
Elyvilon

Shops:
D:5 [

Annotations:
D:3 1 runed door


Innate Abilities, Weirdness & Mutations

You are partially covered in slimy green scales. (AC +2)
A weak demonic guardian rushes to your aid.


Message History

You hit something but do no damage. Something hits you but does no damage.
Unknown command.
You closely miss something. Something hits you. Something shocks you.
Your shadow imp hits something.
Something hits you. Something shocks you.
Unknown command.
You miss something.
Your shadow imp hits something.
Something hits you but does no damage.
Your shadow imp hits something.
You hit something. Something hits you. Something shocks you.
Your shadow imp hits something but does no damage.
Unknown command.
You hit something. Something hits you. Something shocks you.
* * * LOW HITPOINT WARNING * * *
Your shadow imp barely misses something.
Unknown command.
You barely miss something. You block something's attack.
Your shadow imp barely misses something.
Something hits you.
* * * LOW HITPOINT WARNING * * *
Something shocks you.
You die...

# ### . ..# # ## #.
... ..#
...#.##.#####.#
#....#.##....#
#...{....#.#
###..5@##..#.#
..............#
#........#..#.#####.#
#.######............#
. .........##.####...
.........##.#
#####....##.#
.......#.#
##.....##.###


You could see a friendly shadow imp.

Vanquished Creatures
  A scorpion (D:4)
  A bullfrog zombie (D:5)
  2 adders (D:2)
  2 dart slugs (D:1)
  2 leopard geckos
  A ball python (D:3)
  3 bats (D:1)
  4 giant cockroaches
  7 goblins
  4 hobgoblins (D:1)
  4 jackals (D:1)
  2 kobolds (D:3)
  2 quokkas
  A frilled lizard (D:1)
  3 rats (D:1)
39 creatures vanquished.

Notes
Turn   | Place    | Note
-------+----------+-------------------------------------------
     0 | D:1      | PikkenKukken the Demonspawn Fighter began the quest for the
                  | Orb.
     0 | D:1      | Reached XP level 1. HP: 18/18 MP: 1/1
    89 | D:1      | Gained mutation: You are partially covered in slimy green
                  | scales. (AC +2) [demonic ancestry]
    89 | D:1      | Reached XP level 2. HP: 23/24 MP: 2/2
   382 | D:1      | Gained mutation: A weak demonic guardian rushes to your
                  | aid. [demonic ancestry]
   382 | D:1      | Reached XP level 3. HP: 27/29 MP: 3/3
  1009 | D:3      | Found a white marble altar of Elyvilon.
  1009 | D:3      | Found a runed door.
  1009 | D:3      | Noticed an angel
  1187 | D:4      | Noticed a scorpion
  1191 | D:4      | Killed a scorpion
  1191 | D:4      | Reached XP level 4. HP: 26/35 MP: 4/4
  1261 | D:5      | Entered Level 5 of the Dungeon
  1261 | D:5      | Found Yfroh's Antique Armour Shoppe.
  1310 | D:5      | Noticed a sky beast
  1318 | D:5      | Slain by a sky beast

Vault maps used:
D:1:      scummos_arrival_checkerplants
D:2:      lemuel_doored_altar, uniq_robin
D:3:      nicolae_overflow_crystal_walls, lemuel_angel_altar
D:5:      yredelemnul_altar_generic, kennysheep_little_box, serial_shops, shop,
          first_ration, hangedman_decor_growths, lemuel_flame_loot_1,
          uniq_sigmund

Skill      XL: |  1  2  3 |
---------------+----------+-----
Long Blades    | 2 3 |  3.2
Shields        | 3 |  3.3
Armour         | 3 |  3.3
Fighting       | |  3.6

Action                   |  1- 3 |  4- 6 || total
-------------------------+-------+-------++-------
Melee: Long sword        |   108 |    30 ||   138
  Use: Potion            |     1 |       ||     1
  Eat: Ration            |       |     1 ||     1
Armor: Scale mail        |    46 |    14 ||    60
Dodge: Dodged            |    35 |    12 ||    47
Block: Shield            |    57 |    12 ||    69
       Rpst.: Long sword |    12 |     3 ||    15

Table legend:
 A = Non-vault XP
 B = Vault XP
 C = Vault XP percentage of total XP
 D = Non-vault monster count
 E = Vault monster count
 F = Vault count percentage of total count
                 A         B        C        D         E       F
            +---------+---------+-------+---------+---------+-------
      Total |     190 |       0 |   0.0 |      39 |       0 |   0.0
            +---------+---------+-------+---------+---------+-------
        D:1 |      49 |       0 |   0.0 |      26 |       0 |   0.0
        D:2 |      26 |       0 |   0.0 |       2 |       0 |   0.0
        D:3 |       9 |       0 |   0.0 |       5 |       0 |   0.0
        D:4 |      56 |       0 |   0.0 |       4 |       0 |   0.0
        D:5 |      50 |       0 |   0.0 |       2 |       0 |   0.0
            +---------+---------+-------+---------+---------+-------
